PIO (24 & UNDER)
EAU CLAIRE ESQUIRES @ CHULA VISTA TACOS
06/11/2030
 
TOP OF THE 1ST
Eau Claire Esquires batting - Pitching for Chula Vista Tacos : RHP Manny Cook
Pitching: RHP Manny Cook
Batting: LHB Matt Taylor 0-0: Ball
1-0: Ball
2-0: Ball
3-0: Base on Balls
Batting: RHB Kyle McIntyre 0-0: Ball
Matt Taylor is caught stealing 2nd base
1-0: Ball
2-0: Fly out, F3 (Flyball, 3D)
Batting: LHB Will Rhodes 0-0: Ball
1-0: Called Strike
1-1: Foul Ball, location: 2F
1-2: Strikes out swinging
Top of the 1st over - 0 runs, 0 hits, 0 errors, 0 left on base; Eau Claire 0 - Chula Vista 0
BOTTOM OF THE 1ST
Chula Vista Tacos batting - Pitching for Eau Claire Esquires : RHP Elias Bednell
Pitching: RHP Elias Bednell
Batting: RHB Kevin Wilson 0-0: Called Strike
0-1: Ball
1-1: Foul Ball, location: 2F
1-2: Ball
2-2: Ball
3-2: SINGLE (Line Drive, 9S)
Batting: RHB Juan García 0-0: Grounds into double play, 6-4-3 (Groundball, 6D)
Batting: RHB Barrett Barr 0-0: Called Strike
0-1: Foul Ball, location: 2F
0-2: Ball
1-2: Foul Ball, location: 2F
1-2: Foul Ball, location: 2F
1-2: Strikes out swinging
Bottom of the 1st over - 0 runs, 1 hit, 0 errors, 0 left on base; Eau Claire 0 - Chula Vista 0
TOP OF THE 2ND
Eau Claire Esquires batting - Pitching for Chula Vista Tacos : RHP Manny Cook
Batting: LHB Steve Arnold 0-0: Ball
1-0: Swinging Strike
1-1: Swinging Strike
1-2: Strikes out swinging
Batting: LHB Caleb Ruíz 0-0: Ball
1-0: Fly out, F7 (Flyball, 7D)
Batting: LHB Johnny Foley 0-0: Ball
1-0: Ball
2-0: Fly out, F7 (Line Drive, 7)
Top of the 2nd over - 0 runs, 0 hits, 0 errors, 0 left on base; Eau Claire 0 - Chula Vista 0
BOTTOM OF THE 2ND
Chula Vista Tacos batting - Pitching for Eau Claire Esquires : RHP Elias Bednell
Batting: LHB Jean Beauchemin 0-0: Ball
1-0: Fly out, F9 (Flyball, 9LM)
Batting: RHB Guillermo Deleón 0-0: Ground out 6-3 (Groundball, 6M)
Batting: RHB Gonzalo García 0-0: Ball
1-0: Ball
2-0: Ball
3-0: Base on Balls
Batting: RHB Germán Ontiveros 0-0: Ball
Gonzalo García steals 2nd base
1-0: Ground out 6-3 (Groundball, 6)
Bottom of the 2nd over - 0 runs, 0 hits, 0 errors, 1 left on base; Eau Claire 0 - Chula Vista 0
TOP OF THE 3RD
Eau Claire Esquires batting - Pitching for Chula Vista Tacos : RHP Manny Cook
Batting: RHB Tom McBride 0-0: Foul Ball, location: 2F
0-1: Ball
1-1: Ball
2-1: Ball
3-1: SINGLE (Flyball, 9LS)
Batting: SHB Paul Davenport 0-0: Ball
1-0: Ball
2-0: Ball
3-0: Called Strike
3-1: SINGLE (Flyball, 89M)
Tom McBride to second
Batting: RHB Silas Small 0-0: Grounds into double play, 3-6-3 (Groundball, 3)
Tom McBride to third
Batting: LHB Matt Taylor 0-0: Ground out 6-3 (Groundball, 6)
Top of the 3rd over - 0 runs, 2 hits, 0 errors, 1 left on base; Eau Claire 0 - Chula Vista 0
BOTTOM OF THE 3RD
Chula Vista Tacos batting - Pitching for Eau Claire Esquires : RHP Elias Bednell
Batting: RHB Dan Salazar 0-0: Foul Ball, location: 2F
0-1: Ball
1-1: Swinging Strike
1-2: Fly out, F8 (Flyball, 8RD)
Batting: RHB Nelson Wright 0-0: Ball
1-0: SINGLE (Flyball, 7LS)
Batting: RHB Kevin Wilson 0-0: Ball
Nelson Wright steals 2nd base
1-0: Ground out 5-3 (Groundball, 56)
Batting: RHB Juan García 0-0: Called Strike
0-1: Foul Ball, location: 2F
0-2: SINGLE (Line Drive, 6D)
Nelson Wright to third
Runner from 3rd tries for Home, SAFE, no throw
Batting: RHB Barrett Barr 0-0: Called Strike
0-1: Fly out, F8 (Flyball, 8LM)
Bottom of the 3rd over - 1 run, 2 hits, 0 errors, 1 left on base; Eau Claire 0 - Chula Vista 1
TOP OF THE 4TH
Eau Claire Esquires batting - Pitching for Chula Vista Tacos : RHP Manny Cook
Batting: RHB Kyle McIntyre 0-0: Called Strike
0-1: Foul Ball, location: 2F
0-2: Foul Ball, location: 2F
0-2: Strikes out swinging
Batting: LHB Will Rhodes 0-0: Ball
1-0: Called Strike
1-1: Foul Ball, location: 2F
1-2: Hit by Pitch
Batting: LHB Steve Arnold 0-0: Called Strike
0-1: Called Strike
0-2: Ball
1-2: Foul Ball, location: 2F
1-2: Ball
2-2: Ball
3-2: Fly out, F8 (Line Drive, 8LXD)
Batting: LHB Caleb Ruíz 0-0: Ball
1-0: Ball
2-0: Called Strike
2-1: Ball
3-1: SINGLE (Groundball, 6MD)
Will Rhodes to second
Runner from 2nd tries for 3rd, SAFE, no throw
Batting: LHB Johnny Foley 0-0: Ball
1-0: Fielders Choice at 2nd, 6-4 (Groundball, 6)
Top of the 4th over - 0 runs, 1 hit, 0 errors, 2 left on base; Eau Claire 0 - Chula Vista 1
BOTTOM OF THE 4TH
Chula Vista Tacos batting - Pitching for Eau Claire Esquires : RHP Elias Bednell
Batting: LHB Jean Beauchemin 0-0: Fly out, F7 (Flyball, 78M)
Batting: RHB Guillermo Deleón 0-0: Ball
1-0: Ball
2-0: Ball
3-0: Base on Balls
Batting: RHB Gonzalo García 0-0: Ball
1-0: Swinging Strike
1-1: Ball
2-1: Foul Ball, location: 2F
2-2: Strikes out swinging
Batting: RHB Germán Ontiveros 0-0: Called Strike
0-1: Called Strike
0-2: Fly out, F7 (Flyball, 7LDF)
Bottom of the 4th over - 0 runs, 0 hits, 0 errors, 1 left on base; Eau Claire 0 - Chula Vista 1
TOP OF THE 5TH
Eau Claire Esquires batting - Pitching for Chula Vista Tacos : RHP Manny Cook
Batting: RHB Tom McBride 0-0: Ball
1-0: Called Strike
1-1: Swinging Strike
1-2: Strikes out swinging
Batting: SHB Paul Davenport 0-0: Ball
1-0: Ball
2-0: Ball
3-0: Called Strike
3-1: Fly out, F7 (Flyball, 78S)
Batting: RHB Silas Small 0-0: Ball
1-0: Called Strike
1-1: Swinging Strike
1-2: Foul Ball, location: 2F
1-2: Hit by Pitch
Batting: LHB Matt Taylor 0-0: Ball
Pickoff Throw to First - Out!
Top of the 5th over - 0 runs, 0 hits, 0 errors, 0 left on base; Eau Claire 0 - Chula Vista 1
BOTTOM OF THE 5TH
Chula Vista Tacos batting - Pitching for Eau Claire Esquires : RHP Elias Bednell
Batting: RHB Dan Salazar 0-0: Called Strike
0-1: Called Strike
0-2: Foul Ball, location: 2F
0-2: Ball
1-2: Foul Ball, location: 2F
1-2: Foul Ball, location: 2F
1-2: SINGLE (Groundball, 56D)
Batting: RHB Nelson Wright 0-0: Ball
1-0: Swinging Strike
1-1: Swinging Strike
1-2: Ball
2-2: Foul Ball, location: 2F
2-2: Ball
3-2: Strikes out swinging
Batting: RHB Kevin Wilson 0-0: Called Strike
0-1: Ball
1-1: Ball
2-1: Called Strike
2-2: Foul Ball, location: 2F
2-2: Foul Ball, location: 2F
2-2: SINGLE (Line Drive, 4M)
Dan Salazar to second
Batting: RHB Juan García 0-0: Ball
1-0: SINGLE (Line Drive, 34D)
Dan Salazar to third
Kevin Wilson to second
Batting: RHB Barrett Barr 0-0: Grounds into fielders choice 1-2 (Groundball, 13S)
Kevin Wilson to third
Juan García to second
Batting: LHB Jean Beauchemin 0-0: Swinging Strike
0-1: Ball
1-1: Ball
2-1: Fly out, F7 (Flyball, 7LD)
Bottom of the 5th over - 0 runs, 3 hits, 0 errors, 3 left on base; Eau Claire 0 - Chula Vista 1
TOP OF THE 6TH
Eau Claire Esquires batting - Pitching for Chula Vista Tacos : RHP Manny Cook
Batting: LHB Matt Taylor 0-0: Foul Ball, location: 2F
0-1: Foul Ball, location: 2F
0-2: Foul Ball, location: 2F
0-2: Foul Ball, location: 2F
0-2: Ball
1-2: Foul Ball, location: 2F
1-2: SINGLE (Line Drive, 9LS)
Batting: RHB Kyle McIntyre 0-0: SINGLE (Groundball, 56D)
Matt Taylor to second
Batting: LHB Will Rhodes 0-0: Ball
1-0: Ball
2-0: DOUBLE (Line Drive, 9LM)
Matt Taylor scores
Kyle McIntyre to third
Batting: LHB Steve Arnold 0-0: Foul Ball, location: 2F
0-1: Fly out, F7 (Flyball, 7LS)
Batting: LHB Caleb Ruíz 0-0: Swinging Strike
0-1: Called Strike
0-2: Ball
1-2: SINGLE (Line Drive, 8LS)
Kyle McIntyre scores
Will Rhodes to third
Batting: LHB Johnny Foley 0-0: Ball
1-0: Ball
2-0: Fly out, F3 (Popup, 34S)
Batting: RHB Tom McBride 0-0: Ball
1-0: Ball
2-0: Foul Ball, location: 2F
2-1: Swinging Strike
2-2: Strikes out swinging
Top of the 6th over - 2 runs, 4 hits, 0 errors, 2 left on base; Eau Claire 2 - Chula Vista 1
BOTTOM OF THE 6TH
Chula Vista Tacos batting - Pitching for Eau Claire Esquires : RHP Elias Bednell
Batting: RHB Guillermo Deleón 0-0: Called Strike
0-1: Ground out 4-3 (Groundball, 34)
Batting: RHB Gonzalo García 0-0: Ball
1-0: Foul Ball, location: 2F
1-1: Ball
2-1: Ball
3-1: Fly out, F7 (Flyball, 7S)
Batting: RHB Germán Ontiveros 0-0: Called Strike
0-1: DOUBLE (Flyball, 8RXD)
Batting: RHB Dan Salazar 0-0: Ball
1-0: Foul Ball, location: 2F
1-1: Ball
2-1: Ball
3-1: Fly out, F8 (Flyball, 8LM)
Bottom of the 6th over - 0 runs, 1 hit, 0 errors, 1 left on base; Eau Claire 2 - Chula Vista 1
TOP OF THE 7TH
Eau Claire Esquires batting - Pitching for Chula Vista Tacos : RHP Manny Cook
Batting: SHB Paul Davenport 0-0: SINGLE (Flyball, 4MD)
Pinch Hitting: RHB Cipriano Salas 0-0: Sac Bunt - play at second, runner OUT! 5-6
Batting: LHB Matt Taylor 0-0: Ball
1-0: Ball
2-0: Ball
Wild Pitch!
Cipriano Salas to second
3-0: Intentional Walk
Pinch Hitting: SHB Darren Ramsey 0-0: Ball
1-0: Ball
2-0: Swinging Strike
2-1: Swinging Strike
2-2: Grounds into double play, 4-6-3 (Groundball, 34)
Top of the 7th over - 0 runs, 1 hit, 0 errors, 1 left on base; Eau Claire 2 - Chula Vista 1
BOTTOM OF THE 7TH
Chula Vista Tacos batting - Pitching for Eau Claire Esquires : RHP Elias Bednell
Pitching: LHP Raúl Rivas
Now at 3B: Jorge Garza
Now at SS: Cipriano Salas
Batting: RHB Nelson Wright 0-0: Called Strike
0-1: Ball
1-1: Ground out 5-3 (Groundball, 56S)
Batting: RHB Kevin Wilson 0-0: Ball
1-0: Ball
2-0: Ball
3-0: Foul Ball, location: 2F
3-1: Base on Balls
Batting: RHB Juan García 0-0: Ball
1-0: Ball
2-0: Ball
3-0: Base on Balls
Kevin Wilson to second
Batting: RHB Barrett Barr 0-0: Ball
1-0: Called Strike
1-1: Ball
2-1: Ball
3-1: Foul Ball, location: 2F
3-2: Base on Balls
Kevin Wilson to third
Juan García to second
Pinch Hitting: RHB José Isla 0-0: Ball
1-0: Swinging Strike
1-1: Called Strike
1-2: Ball
2-2: Foul Ball, location: 2F
2-2: Strikes out swinging
Batting: RHB Guillermo Deleón 0-0: Ball
1-0: Ball
2-0: Swinging Strike
2-1: Foul Ball, location: 2F
2-2: Foul Ball, location: 2F
2-2: Ball
3-2: Foul Ball, location: 2F
3-2: Foul Ball, location: 2F
3-2: Base on Balls
Kevin Wilson scores
Juan García to third
Barrett Barr to second
Batting: RHB Gonzalo García 0-0: Ball
Wild Pitch!
Juan García scores
Barrett Barr to third
Guillermo Deleón to second
1-0: Ground out 6-3 (Groundball, 6M)
Bottom of the 7th over - 2 runs, 0 hits, 0 errors, 2 left on base; Eau Claire 2 - Chula Vista 3
TOP OF THE 8TH
Eau Claire Esquires batting - Pitching for Chula Vista Tacos : RHP Manny Cook
Pitching: LHP Alonso Parrish
Now in RF: José Isla
Batting: LHB Will Rhodes 0-0: Called Strike
0-1: Swinging Strike
0-2: Ball
1-2: Foul Ball, location: 2F
1-2: Strikes out swinging
Batting: LHB Steve Arnold 0-0: Foul Ball, location: 2F
0-1: Foul Ball, location: 2F
0-2: Strikes out looking
Batting: LHB Caleb Ruíz 0-0: Ball
1-0: Ball
2-0: Ball
3-0: Base on Balls
Pinch Runner at 1st Glen French:
Batting: LHB Johnny Foley 0-0: Called Strike
0-1: Ball
1-1: Called Strike
1-2: Strikes out swinging
Top of the 8th over - 0 runs, 0 hits, 0 errors, 1 left on base; Eau Claire 2 - Chula Vista 3
BOTTOM OF THE 8TH
Chula Vista Tacos batting - Pitching for Eau Claire Esquires : LHP Raúl Rivas
Pitching: RHP Shaun Harris
Now at 1B: David Brady
Batting: RHB Germán Ontiveros 0-0: Ground out 5-3 (Groundball, 5)
Batting: RHB Dan Salazar 0-0: Called Strike
0-1: Ball
1-1: Foul Ball, location: 2F
1-2: Strikes out swinging
Batting: RHB Nelson Wright 0-0: Ball
1-0: Ball
2-0: Foul Ball, location: 2F
2-1: Ball
3-1: Swinging Strike
3-2: Strikes out swinging
Bottom of the 8th over - 0 runs, 0 hits, 0 errors, 0 left on base; Eau Claire 2 - Chula Vista 3
TOP OF THE 9TH
Eau Claire Esquires batting - Pitching for Chula Vista Tacos : LHP Alonso Parrish
Pitching: RHP Pat Hanna
Batting: RHB Tom McBride 0-0: Ball
1-0: Called Strike
1-1: Foul Ball, location: 2F
1-2: Foul Ball, location: 2F
1-2: Foul Ball, location: 2F
1-2: Ground out 6-3 (Groundball, 56)
Batting: SHB Paul Davenport 0-0: Ground out 1-3 (Groundball, P)
Batting: RHB Cipriano Salas 0-0: Called Strike
0-1: Ball
1-1: Ball
2-1: Foul Ball, location: 2F
2-2: Foul Ball, location: 2F
2-2: Foul Ball, location: 2F
2-2: Foul Ball, location: 2F
2-2: Strikes out looking
Top of the 9th over - 0 runs, 0 hits, 0 errors, 0 left on base; Eau Claire 2 - Chula Vista 3
Saturday, April 7th, 2018 - OOTP Baseball 18.8 Build 76